 Dungeon Crawl Stone Soup version 0.30.0-29-ga12c61a403 (webtiles) character file.

Game seed: 1412416446027203382

3492 Dadi the Nimble (level 9, -2/56 HPs)
             Began as a Deep Elf Conjurer on June 16, 2023.
             Was a Follower of Vehumet.
             Slain by a hornet (5 damage)
             ... on level 8 of the Dungeon.
             The game lasted 00:17:21 (9204 turns).

Dadi the Nimble (Deep Elf Conjurer)                 Turns: 9204, Time: 00:17:22

Health: -2/56      AC:  5    Str:  1 (4)  XL:     9   Next: 80%
Magic:  21/21      EV: 20    Int: 25 (28) God:    Vehumet [*.....]
Gold:   349        SH:  0    Dex: 11 (13) Spells: 10/22 levels left

rFire   + . .        e - staff of fire
rCold   . . .        (no shield)
rNeg    . . .        a - +0 robe
rPois   .            k - +0 helmet
rElec   .            v - +0 cloak
rCorr   .            m - +0 pair of gloves
SInv    .            (no boots)
Will    .....        (no amulet)
Stlth   ++           t - +5 ring of evasion
HPRegen 0.29/turn    C - ring of wizardry
MPRegen 0.17/turn

%: wizardry (x1)
@: very slightly contaminated, slowed, studying Ice Magic, very slow
A: no striking features
a: Renounce Religion


You were on level 8 of the Dungeon.
You worshipped Vehumet.
Vehumet was aware of your devotion.
You visited 2 branches of the dungeon, and saw 9 of its levels.

You collected 349 gold pieces.

Inventory:

Armour
 a - a +0 robe (worn)
 k - a +0 helmet (worn)
 m - a +0 pair of gloves (worn)
 v - a +0 cloak (worn)
Magical Staves
 e - a staff of fire (weapon)
Jewellery
 j - a ring of positive energy
 t - a +5 ring of evasion (left hand)
 C - a ring of wizardry (right hand)
Wands
 u - a wand of flame (7)
 x - a wand of roots (16)
 B - a wand of quicksilver (7)
 E - a wand of paralysis (8)
Scrolls
 d - 4 scrolls of enchant weapon {unknown}
 f - 2 scrolls of fear {unknown}
 g - 5 scrolls of identify {unknown}
 n - 2 scrolls of blinking {unknown}
 o - 4 scrolls of poison {unknown}
 q - a scroll of noise {unknown}
 s - a scroll of immolation {unknown}
 y - a scroll of teleportation {unknown}
 z - a scroll of summoning {unknown}
 F - a scroll of silence {unknown}
Potions
 b - a potion of magic
 c - 2 potions of resistance {unknown}
 h - 2 potions of degeneration
 l - a potion of flight {unknown}
 p - a potion of haste {unknown}
 r - a potion of might {unknown}
 w - 2 potions of lignification {unknown}
 A - 2 potions of attraction {unknown}
 D - a potion of invisibility {unknown}
 G - a potion of heal wounds {unknown}
 H - a potion of berserk rage {unknown}


   Skills:
 + Level 6.3 Fighting
 + Level 9.6 Dodging
 - Level 2.4 Stealth
 - Level 7.0 Spellcasting
 - Level 7.0 Conjurations
 - Level 7.0 Hexes


You had 10 spell levels left.
You knew the following spells:

 Your Spells              Type           Power      Damage    Failure   Level
a - Magic Dart            Conj           100%       1d8       1%          1
b - Searing Ray           Conj           86%        2d7       1%          2
c - Blink                 Tloc           16%        N/A       4%          2
d - Fulminant Prism       Conj/Hex       21%        3d12      1%          4
e - Dazzling Flash        Conj/Hex       86%        N/A       1%          3

Your spell library contained the following spells:

 Spells                   Type           Power      Damage    Failure   Level
 Freeze                   Ice            32%        1d5       2%          1
 Foxfire                  Conj/Fire      100%       2x1d9     1%          1
 Slow                     Hex            100%       N/A       1%          1
 Momentum Strike          Conj/Tloc      52%        3d9       1%          2
 Summon Guardian Golem    Hex/Summ       26%        N/A       1%          3
 Sandblast                Erth           16%        2d6       2%          1
 Lesser Beckoning         Tloc           16%        N/A       4%          2
 Iskenderun's Mystic Bla  Conj/Tloc      26%        2d7       6%          4
 Orb of Destruction       Conj           21%        9d8       75%         7
 Spellforged Servitor     Conj/Summ      13%        N/A       99%         7


Dungeon Overview and Level Annotations

Branches:
Dungeon (8/15)             Temple (1/1) D:5
   Lair: D:8-11

Altars:
Ashenzari
Cheibriados
Dithmenos
Elyvilon
Fedhas
Gozag
Kikubaaqudgha
Makhleb
Nemelex Xobeh
Okawaru
Qazlal
Ru
Sif Muna
Trog
Uskayaw
Vehumet
Wu Jian
Xom
Yredelemnul
Zin
The Shining One

Shops:
D:2 (   D:5 !==


Message History

Confirm with . or Enter, or press ? or * to list all spells.
You don't have enough magic to cast this spell.
Casting: Dazzling Flash (safe; 1% risk of failure)
Confirm with . or Enter, or press ? or * to list all spells.
Okay, then.
You feel stable enough to blink again. The hornet completely misses you.
The hornet completely misses you. The hornet stings you!
* * * LOW HITPOINT WARNING * * *
You are lethally poisoned!
You feel yourself slow down.
* * * LOW HITPOINT WARNING * * *
You feel very sick. The hornet misses you.
Casting: Dazzling Flash (safe; 1% risk of failure)
Confirm with . or Enter, or press ? or * to list all spells.
Casting: Dazzling Flash (safe; 1% risk of failure)
Press: ? - help, Dir - look around, f - activate
Okay, then.
Casting: Dazzling Flash (safe; 1% risk of failure)
Confirm with . or Enter, or press ? or * to list all spells.
You miscast Blink.
You are very lightly contaminated with residual magic.
Nothing appears to happen.
You feel yourself speed up.
* * * LOW HITPOINT WARNING * * *
You feel sick. The hornet misses you.
An orc wizard comes into view. It is wielding a +0 dagger.
The hornet misses you.
Casting: Blink (safe; 4% risk of failure)
Confirm with . or Enter, or press ? or * to list all spells.
Okay, then.
You feel better. The hornet stings you.
* * * LOW HITPOINT WARNING * * *
You feel yourself slow down. Magic courses through your body.
The hornet stings you.
* * * LOW HITPOINT WARNING * * *
You feel as though you will be slow longer.
The hornet stings you.
You die...

.. ... .. ...
.##.### . .#.....
##. #####.).....
.#..#.....<.....
....$.......$.....
..
##.#...##.y.......
..
##..#...#.@.......
#..#....#.
##........
#..#.##...
#....#... #..#)##
.. ...### ..
###....##.##....#
.
#.....)##....o...
#......)†.......#
#...............#
##..............


You could see a hornet and an orc wizard (wandering).

Vanquished Creatures
  Sigmund (D:2)
  A wyvern (D:7)
  3 steam dragons (D:6)
  Menkaure (D:5)
  A water moccasin (D:7)
  3 ice beasts
  2 black bears
  An orc warrior (D:5)
  3 sky beasts (D:7)
  2 ogres
  A centaur (D:6)
  A phantom (D:5)
  3 bullfrogs
  A gnoll sergeant (D:7)
  A scorpion (D:4)
  4 wights (D:7)
  A howler monkey (D:6)
  3 jellies (D:6)
  2 orc priests
  2 gnoll boudas
  3 hounds
  An iguana (D:7)
  7 orc wizards
  16 gnolls
  7 adders
  2 shadow imps
  5 ufetubi
  2 dart slugs
  19 orcs
  4 bats (D:1)
  8 endoplasms
  6 giant cockroaches
  10 hobgoblins
  6 jackals
  3 quokkas
  6 ball pythons
  4 frilled lizards
  13 goblins
  6 kobolds
  2 rats (D:2)
167 creatures vanquished.

Vanquished Creatures (others)
  11 fulminant prisms
11 creatures vanquished.

Grand Total: 178 creatures vanquished

Notes
Turn   | Place    | Note
-------+----------+-------------------------------------------
     0 | D:1      | Dadi the Deep Elf Conjurer began the quest for the Orb.
     0 | D:1      | Reached XP level 1. HP: 10/10 MP: 6/6
   292 | D:1      | Reached XP level 2. HP: 15/15 MP: 5/8
  1201 | D:1      | Learned a level 2 spell: Searing Ray
  1325 | D:2      | Noticed Sigmund
  1468 | D:2      | Reached skill level 5 in Conjurations
  1468 | D:2      | Reached XP level 3. HP: 19/19 MP: 8/10
  1579 | D:2      | Found a faded altar of an unknown god.
  1688 | D:2      | Got Plato's Quarto of Spelunking
  1978 | D:3      | Learned a level 2 spell: Blink
  2033 | D:3      | Reached XP level 4. HP: 24/24 MP: 9/12
  2483 | D:3      | Reached skill level 5 in Spellcasting
  2580 | D:3      | You fall into a shaft and drop 2 floors!
  2580 | D:5      | Entered Level 5 of the Dungeon
  2632 | D:5      | Noticed a phantom
  2811 | D:5      | Killed a phantom
  2812 | D:5      | Reached XP level 5. HP: 24/28 MP: 5/15
  2881 | D:5      | Found Tiveram's Distillery.
  2881 | D:5      | Found Miafaxix's Jewellery Shoppe.
  2887 | D:5      | Learned a level 3 spell: Dazzling Flash
  2887 | D:5      | Found Qyg Ekuc's Jewellery Shoppe.
  3172 | D:5      | Found a staircase to the Ecumenical Temple.
  3172 | D:5      | Noticed Menkaure
  3178 | D:5      | Killed Menkaure
  3179 | D:5      | Reached XP level 6. HP: 3/32 MP: 8/17
  3390 | D:5      | Found a shimmering blue altar of Sif Muna.
  3394 | D:5      | Noticed an orc warrior
  3416 | D:4      | Reached skill level 1 in Hexes
  3881 | D:4      | Reached XP level 7. HP: 36/36 MP: 7/19
  4307 | D:4      | Reached skill level 5 in Hexes
  4873 | D:3      | Learned a level 4 spell: Fulminant Prism
  5041 | D:2      | Killed Sigmund
  5310 | D:2      | Found Onwoa's Antique Weapon Emporium.
  5945 | D:5      | Got Sif Muna's Octavo of the Sizzling Evil Eye
  6056 | D:5      | Found a bloodstained altar of Trog.
  6111 | D:5      | Reached skill level 1 in Fighting
  6111 | D:5      | Reached skill level 3 in Dodging
  6111 | D:5      | Reached XP level 8. HP: 43/43 MP: 14/20
  6195 | Temple   | Entered the Ecumenical Temple
  6206 | Temple   | Became a worshipper of Vehumet
  6368 | D:6      | Reached skill level 4 in Dodging
  6512 | D:6      | Reached skill level 5 in Dodging
  6734 | D:6      | Reached skill level 6 in Dodging
  7207 | D:6      | Found a glowing golden altar of the Shining One.
  7224 | D:6      | Reached XP level 9. HP: 52/52 MP: 14/21
  7271 | D:6      | Found a blossoming altar of Fedhas.
  7581 | D:7      | Reached skill level 7 in Dodging
  7860 | D:7      | Reached skill level 5 in Fighting
  7940 | D:7      | Reached skill level 8 in Dodging
  8032 | D:7      | Found a basalt altar of Yredelemnul.
  8166 | D:7      | Reached * piety under Vehumet
  8166 | D:7      | Offered knowledge of Freeze by Vehumet.
  8302 | D:7      | Reached skill level 9 in Dodging
  8430 | D:7      | Found an iron altar of Okawaru.
  8974 | D:7      | Found an ancient bone altar of Kikubaaqudgha.
  9189 | D:8      | Paralysed by a hornet for 3 turns
  9202 | D:8      | HP: 2/56 [poisoned by a hornet]
  9204 | D:8      | Slain by a hornet

Illustrated notes

Levels and vault maps discovered:
D:1:      ncdulo_smallfort, layout_loops_corners, dreamdust_princess_bridge
D:2:      layout_loops_ring, serial_shops, nicolae_shop_waterfront,
          shapermc_ecumenical_altar_rom_forum, serial_bayou,
          serial_bayou_shore_a, serial_bayou_pond_e, serial_bayou_ford_a,
          serial_bayou_pond_a, serial_bayou_pond_d, serial_bayou_pond_a,
          uniq_sigmund
D:3:      corexii_shack_village, layout_basic
D:4:      layout_cave_pools
D:5:      layout_cave_pods, nzn_overflow_gifts_of_might_and_magic,
          minmay_temple_entry_glassed_door, nicolae_shop_distant_corner_stores,
          uniq_menkaure
D:6:      kennysheep_steamy, layout_rooms, minitemple, minmay_misc_feat_square,
          dk_noncrumbling_2
D:7:      layout_loops_ring, kiku_gazebo_garden_becter, lemuel_doored_altar,
          okawaru_gym_becter, minmay_manual_mess
D:8:      layout_rooms, lightli_church_of_beogh
Temple:   nicolae_temple_ecumenical_triangle

Skill      XL: |  1  2  3  4  5  6  7  8  9 |
---------------+----------------------------+-----
Spellcasting   | 4 5 6 7 |  7.0
Conjurations   | 5 6 7 |  7.0
Hexes          | 3 7 |  7.0
Fighting       | 1 4 6 |  6.3
Dodging        | 3 6 9 |  9.6
Stealth        | |  2.4

Action                     |  1- 3 |  4- 6 |  7- 9 || total
---------------------------+-------+-------+-------++-------
   Cast: Magic Dart        |    60 |    91 |   143 ||   294
         Searing Ray       |     1 |    10 |    45 ||    56
         Fulminant Prism   |       |       |    11 ||    11
         Dazzling Flash    |       |       |     2 ||     2
         Blink             |       |       |     1 ||     1
    Use: Potion            |       |       |     5 ||     5
 Armour: Robe              |     1 |     5 |     8 ||    14
  Dodge: Dodged            |     1 |    17 |    68 ||    86
